 Dungeon Crawl Stone Soup version 0.17-a0-229-g5ae695d (webtiles) character file.

73 xeno23 the Conjurer (level 4, 0/33 HPs)
             Began as a Draconian Conjurer on Mar 29, 2015.
             Killed by nerve-wracking pain
             ... invoked by Grinder
              (9 damage)
             ... on level 3 of the Dungeon.
             The game lasted 00:08:05 (1424 turns).

xeno23 the Conjurer (Draconian Conjurer)            Turns: 1424, Time: 00:08:05

Health: 0/33       AC:  5    Str: 10    XL:     4   Next: 8%
Magic:  6/7        EV: 12    Int: 17    God:
Gold:   106        SH:  0    Dex: 11    Spells: 1 memorised, 6 levels left

rFire  . . .     SeeInvis .     g - +1 short sword (elec)
rCold  . . .     Clarity  .     (armour unavailable)
rNeg   . . .     SustAb   .     (no shield)
rPois  .         Gourm    .     (helmet restricted)
rElec  .         Spirit   .     (no cloak)
rCorr  .         Warding  .     (no gloves)
rMut   .         Stasis   .     (no boots)
MR     .....                    (no amulet)
Stlth  ++........               (no ring)
                                (no ring)

@: not resistant to hostile enchantments, unstealthy
A: unfitting armour, cold-blooded, AC +5
a: no special abilities


You were on level 3 of the Dungeon.
You were not hungry.

You visited 1 branch of the dungeon, and saw 3 of its levels.

You collected 106 gold pieces.

Inventory:

Hand weapons
 g - a +1 short sword of electrocution (weapon)
Missiles
 e - 21 stones (quivered)
Armour
 u - a +0 buckler
Scrolls
 a - 2 scrolls of identify
 p - a scroll of fear
 v - 4 scrolls of magic mapping
Potions
 f - a potion of magic {unknown}
 j - 2 potions of cancellation {unknown}
 l - a potion of resistance {unknown}
 m - a potion of might {unknown}
 n - 2 potions of curing {unknown}
 o - a potion of brilliance {unknown}
 r - a potion of invisibility {unknown}
 t - a potion of flight {unknown}
Books
 c - a book of Conjurations

   Spells                             Type                      Level
   a - Magic Dart                     Conjuration                  1
   b - Searing Ray                    Conjuration                  2
   c - Dazzling Spray                 Conjuration/Hexes            3
   d - Fulminant Prism                Conjuration/Hexes            4
   e - Iskenderun's Mystic Blast      Conjuration                  4
   f - Iskenderun's Battlesphere      Conjuration/Charms           5
Comestibles
 b - 4 bread rations
 d - 2 royal jellies
 k - a beef jerky
 q - 2 chunks of flesh
 s - a meat ration


   Skills:
 - Level 2.0 Dodging
 - Level 1.7 Stealth
 - Level 2.0 Spellcasting
 + Level 5.5 Conjurations


You had 6 spell levels left.
You knew the following spells:

 Your Spells              Type           Power        Failure   Level  Hunger
a - Magic Dart            Conj           ###.         1%          1    #......


Dungeon Overview and Level Annotations

Branches:
Dungeon (3/15)

Altars:
The Shining One

Annotations:
D:3 Grinder


Innate Abilities, Weirdness & Mutations

Your plain brown scales are hard (AC +5).
Your body does not fit into most forms of armour.
You are cold-blooded and may be slowed by cold attacks.


Message History

You writhe in agony.
Grinder gestures at you. Pain shoots through your body!
You can move again.
You take 18 damage.
Read which item? (? for menu, Esc to quit)
As you read the scroll labeled ESACOR GOCIUGG, it crumbles to dust.
The creatures around you are filled with an inner flame!
It was a scroll of immolation.
Grinder gestures.
Grinder blinks!
Read which item? (? for menu, Esc to quit)
As you read the scroll labeled XIEMIR ZEXE, it crumbles to dust.
You feel blessed for a moment.
It was a scroll of remove curse.
Grinder misses you. Grinder hits you.
You writhe in agony.
* * * LOW HITPOINT WARNING * * *
You take 4 damage.
Grinder gestures at you. Pain shoots through your body!
You die...

....... ..... .......
#..#
#.......######..########
+.......'...............
#.$.....#######'######.#
....... #.(......#
....... #...5....#+###
..##########............#
........@###.....#
########.## ....# #..#
...# ##.# ..# #.## ..
#..# ..# ##.#
#+##.####### #.#
#.##........ #.#
#.#......#..


You could see Grinder (inner flame).

Vanquished Creatures
  A hound (D:3)
  An adder (D:2)
  A worm (D:3)
  3 bats
  A goblin (D:1)
  4 hobgoblins
  2 quokkas (D:2)
  A ball python (D:2)
  4 giant cockroaches
  A giant gecko (D:2)
  2 giant newts
  5 kobolds
  2 rats (D:1)
28 creatures vanquished.

Notes
Turn   | Place    | Note
--------------------------------------------------------------
     0 | D:1      | xeno23, the Draconian Conjurer, began the quest for the Orb.
     0 | D:1      | Reached XP level 1. HP: 14/14 MP: 3/3
   184 | D:1      | Reached XP level 2. HP: 8/20 MP: 4/4
  1078 | D:2      | Reached XP level 3. HP: 26/26 MP: 1/6
  1111 | D:2      | Reached skill level 5 in Conjurations
  1145 | D:2      | Found a glowing golden altar of the Shining One.
  1384 | D:3      | Reached XP level 4. HP: 30/33 MP: 2/7
  1402 | D:3      | Noticed Grinder
  1414 | D:3      | Paralysed by Grinder for 6 turns
  1424 | D:3      | Killed from afar by Grinder

Action                   |  1- 3 |  4- 6 || total
-------------------------+-------+-------++-------
Melee: Unarmed           |    22 |       ||    22
       Short sword       |    55 |       ||    55
Throw: Stone             |     3 |       ||     3
 Cast: Magic Dart        |    27 |     1 ||    28
  Use: Scroll            |       |     4 ||     4
  Eat: Chunk             |     2 |       ||     2
